 Dungeon Crawl Stone Soup version 0.31.0-11-ge490571c62 (webtiles) character file.

Game seed: 8896924271717110785

8 browni3141 the Conjurer (level 2, 19/19 HPs)
             Began as a Demonspawn Conjurer on Jan 30, 2024.
             Got out of the dungeon alive.
             The game lasted 00:00:15 (184 turns).

browni3141 the Conjurer (Demonspawn Conjurer)        Turns: 184, Time: 00:00:16

Health: 19/19      AC:  2    Str:  7    XL:     2   Next: 0%
Magic:  3/5        EV: 12    Int: 18    God:
Gold:   13         SH:  0    Dex: 11    Spells: 4/5 levels left

rFire   . . .        d - +0 short sword
rCold   . . .        (no shield)
rNeg    . . .        a - +0 robe
rPois   .            (helmet restricted)
rElec   .            (no cloak)
rCorr   .            (no gloves)
SInv    .            (no boots)
Will    .....        (no amulet)
Stlth   ++           (no ring)
HPRegen 0.23/turn    (no ring)
MPRegen 0.09/turn

%: no passive effects
@: no status effects
A: horns 1
a: no special abilities


You escaped.
You visited 1 branch of the dungeon, and saw 1 of its levels.

You collected 13 gold pieces.

Inventory:

Hand Weapons
 d - a +0 short sword (weapon)
Armour
 a - a +0 robe (worn)
Potions
 b - a potion of magic
 c - a potion of ambrosia {unknown}


   Skills:
 + Level 2.0 Dodging
 + Level 2.0 Stealth
 + Level 2.1 Spellcasting
 + Level 4.1 Conjurations


You had 4 spell levels left.
You knew the following spells:

 Your Spells              Type           Power      Damage    Failure   Level
a - Magic Dart            Conj           64%        1d6       3%          1

Your spell library contained the following spells:

 Spells                   Type           Power      Damage    Failure   Level
 Searing Ray              Conj           32%        2d5       4%          2
 Fulminant Prism          Conj/Alch      4%         3d5       58%         4
 Iskenderun's Mystic Bla  Conj/Tloc      9%         2d4       58%         4


Dungeon Overview and Level Annotations

Branches:
Dungeon (1/15)

Altars:


Innate Abilities, Weirdness & Mutations

You have a pair of small horns on your head.


Message History

Welcome, browni3141 the Demonspawn Conjurer.
It's a long way down to the Orb of Zot, but that shouldn't be any trouble.
Press ? for a list of commands and other information.
Found 7 gold pieces.
Found a staircase leading out of the dungeon.
Setting a skill training target for Axes at 18.0.
Setting a skill training target for Invocations at 14.0.
Setting a skill training target for Throwing at 11.0.
You now have 7 gold pieces.
c - a bubbling clear potion An endoplasm comes into view.
An endoplasm is nearby!
The magic dart hits the endoplasm.
The endoplasm is severely wounded.
The endoplasm quivers.
You can't see any susceptible monsters within range! (Use Z to cast anyway.)
You can't see any susceptible monsters within range! (Use Z to cast anyway.)
An endoplasm is nearby!
An endoplasm is nearby!
An endoplasm is nearby!
The magic dart hits the endoplasm.
You kill the endoplasm!
You can't see any susceptible monsters within range! (Use Z to cast anyway.)
You can't see any susceptible monsters within range! (Use Z to cast anyway.) Magic restored.
You now have 13 gold pieces (gained 6).
Found an escape hatch in the floor.
You see here a +0 mace.
A kobold comes into view. It is wielding a +0 short sword.
A kobold is nearby!
The magic dart hits the kobold.
The kobold is moderately wounded.
The magic dart hits the kobold.
You kill the kobold!
You can't see any susceptible monsters within range! (Use Z to cast anyway.)
You can't see any susceptible monsters within range! (Use Z to cast anyway.)
An endoplasm comes into view.
An endoplasm is nearby!
An endoplasm is nearby!
The magic dart hits the endoplasm.
The endoplasm is almost dead.
The endoplasm quivers.
The magic dart hits the endoplasm.
You kill the endoplasm!
You can't see any susceptible monsters within range! (Use Z to cast anyway.)
An endoplasm comes into view.
An endoplasm is nearby!
An endoplasm is nearby!
The magic dart hits the endoplasm.
The endoplasm is severely wounded.
The endoplasm quivers.
The magic dart hits the endoplasm.
You kill the endoplasm!
You can't see any susceptible monsters within range! (Use Z to cast anyway.)
There is an escape hatch in the floor here.
A dart slug comes into view.
A dart slug is nearby!
The magic dart hits the dart slug.
The dart slug is heavily wounded.
The magic dart hits the dart slug but does no damage.
The dart slug is heavily wounded.
The magic dart hits the dart slug.
The dart slug is heavily wounded.
You are out of magic!
You are out of magic!
There is an escape hatch in the floor here.
You see here a +0 short sword.
d - a +0 short sword (weapon)
The dart slug launches a dart at you. The slug dart misses you.
There is an escape hatch in the floor here.
You hit the dart slug.
The dart slug is severely wounded.
You hit the dart slug.
You kill the dart slug!
Your Dodging skill increases to level 2!
Your Stealth skill increases to level 2!
You have reached level 2!
Your demonic ancestry asserts itself...
A pair of horns grows on your head!
There is a staircase leading out of the dungeon here.
You have escaped!

.. .....##........
...##....##.......
..........#.......
##............##.###..
#... #.....#.###.#
#... ###........)#
#..## #.###..####
#...### ###..###.#
#....@####....# ....
##............#.#...#
#............#####.#
##....##....## .#
##........## .#
###....### ######


There were no monsters in sight!

Vanquished Creatures
  A dart slug (D:1)
  3 endoplasms (D:1)
  A kobold (D:1)
5 creatures vanquished.

Notes
Turn   | Place    | Note
-------+----------+-------------------------------------------
     0 | D:1      | browni3141 the Demonspawn Conjurer began the quest for the
                  | Orb.
     0 | D:1      | Reached XP level 1. HP: 13/13 MP: 3/3
   162 | D:1      | Gained mutation: You have a pair of small horns on your
                  | head. [demonic ancestry]
   162 | D:1      | Reached XP level 2. HP: 19/19 MP: 1/5
   184 | D:$      | Got out of the dungeon alive.

Illustrated notes

Levels and vault maps discovered:
D:1:      minmay_arrival_loop, layout_rooms, amcnicky_mini_pool_small,
          minmay_tripent

Skill      XL: |  1 |
---------------+----+-----
Dodging        | 2 |  2.0
Stealth        | 2 |  2.0
Spellcasting   | |  2.1
Conjurations   | |  4.1

Action                     || total
---------------------------++-------
  Melee: Short sword       ||     2
   Cast: Magic Dart        ||    11
  Dodge: Dodged            ||     1
